cohdb
Replays
Latest Replays
All Replays
Popular Replays
Top Player Replays
Match Explorer
How It Works
Community
CoH3 Stats
Reddit
Sign in to upload your games and track your stats! →
Sign in with Steam
Match 44499640
Unlisted
Match 44499640
Overview
Messages
Build Orders
End
Construct Section Command Post
Vickers Machine Gun Team
Selects Canadian Shock Battlegroup
Infantry Section
Infantry Section
Grenade Package
Construct Platoon Command Post
ML 3-inch Mortar Team
Selects Attacking Spirit
Selects Canadian Shock Section
Unlock M3 Stuart Light Tanks
Selects Incendiary Munitions
M3 Stuart Light Tank
Construct Field Infirmary
Canadian Shock Section
Construct Company Command Post
Foot Guards Section
Crusader II Medium Tank
Infantry Section
Crusader II Medium Tank
Crusader II Medium Tank
CMP 15cwt Truck
Crusader II Medium Tank
Unlock Towed 17-pounder Anti-tank Guns
Selects Pyrotechnics
Selects Churchill Crocodile Heavy Tank
Churchill Crocodile Heavy Tank
17-pounder Anti-tank Gun Team
Selects Smoke Operation
Smoke Operation
Spinzer
Andy The Man ◢ ◤
Shov3ly
HingFu
RhumsteaK
King Raptor
SHELDONATOR
WatchMy6Bro
0
0
Comments
sign in to comment!
No comments posted yet!